Match 47308372
Unlisted

Match 47308372
End
Construct Infanterie Kompanie
Grenadier Squad
MG 42 Machine Gun Team
Grenadier Squad
Construct Panzergrenadier Kompanie
Selects Breakthrough Battlegroup
Selects Assault Grenadiers
251 Medium Carrier
Pak 40 Anti-tank Gun Team
Construct Panzer Kompanie
Selects Smoke Bombing Run
Selects Rapid Production
Pioneer Squad
Stoßtruppen Squad
Panzer IV Medium Tank
Selects Incendiary Bombing Run
Medical Bunker
Panzer IV Medium Tank
Forward Retreat Point
Side Skirts
Panzer Officer Quarters
Pioneer Squad
Selects Blitzkrieg
Panzer IV Medium Tank
Incendiary Bombing Run
Smoke Bombing Run
Panzer IV Medium Tank
Pioneer Squad
Pioneer Squad
Incendiary Bombing Run
Panzer IV Medium Tank
Bartolomaeus Bart
HeyGuys! I_Guess_That's_it
【嗜血狼族】灵狐魅儿
chad
(Luke_NPG
MDD-jiang
我的臭脚随莱闻
jaws2005
0
0

Comments sign in to comment!

No comments posted yet!